 Dungeon Crawl Stone Soup version 0.25.0-41-g26779e291d (webtiles) character file.

Game seed: 16975661091317497358

71901 KleinerIrrer the Brawler (level 14, 0/114 HPs)
             Began as a Troll Monk on July 10, 2020.
             Was the Champion of Hepliaklqana.
             Hit by a silver javelin thrown by a minotaur (4 damage)
             ... in a Gauntlet.
             The game lasted 00:59:36 (20651 turns).

KleinerIrrer the Brawler (Troll Monk)              Turns: 20651, Time: 00:59:37

Health: 0/114      AC: 11    Str: 23    XL:     14   Next: 99%
Magic:  18/18      EV: 13    Int:  8    God:    Hepliaklqana [******]
Gold:   2005       SH: 16    Dex: 15    Spells: 13/13 levels left

rFire    + + +     SeeInvis +     - Unarmed
rCold    x . .     Gourm    +   F - +0 kite shield
rNeg     . . .     Faith    .   a - +0 acid dragon scales
rPois    .         Spirit   .   Q - +0 hat of Intercession {rElec rF++ Int+2}
rElec    +         Reflect  +   J - scarf {repulsion}
rCorr    +         Harm     .   (gloves unavailable)
MR       +....     NoTele   +   (boots unavailable)
Stlth    +.........             w - amulet of reflection
HPRegen  0.69/turn              k - ring of see invisible
MPRegen  0.16/turn              C - ring of fire

@: repel missiles
A: large, unfitting armour, reduced essence, claws 3, fast metabolism 3,
gourmand, regeneration 1, shaggy fur 1, tough skin 3
a: Recall Ancestor, Ancestor Identity, Transference, Idealise, Renounce Religion


You were in a Gauntlet.
You worshipped Hepliaklqana.
Hepliaklqana was exalted by your worship.
You were very full.

You visited 3 branches of the dungeon, and saw 20 of its levels.
You also visited: Gauntlet and Volcano.

You collected 2231 gold pieces.
You spent 226 gold pieces at shops.

Inventory:

Missiles
 H - 7 atropa-tipped darts
 L - 8 large rocks (quivered)
 S - 10 silver javelins
Armour
 a - +0 acid dragon scales (worn)
 E - a +0 robe of magic resistance
 F - a +0 kite shield (worn)
 J - a scarf of repulsion (worn)
 Q - the +0 hat of Intercession (worn) {rElec rF++ Int+2}
   (You found it on level 4 of the Lair of Beasts)

   It affects your intelligence (+2).
   It greatly protects you from fire.
   It insulates you from electricity.
Jewellery
 k - a ring of see invisible (left claw)
 s - an uncursed ring of flight
 w - an amulet of reflection (around neck)
 C - a ring of fire (right claw)
 V - an uncursed ring of protection from cold
Wands
 f - a wand of flame (125)
 i - a wand of iceblast (29)
 j - a wand of polymorph (8)
 r - a wand of acid (14)
 D - a wand of random effects (19)
 I - a wand of disintegration (41)
 K - a wand of paralysis (6)
Scrolls
 d - 5 scrolls of immolation
 g - 5 scrolls of amnesia
 h - 5 scrolls of enchant armour
 l - 7 scrolls of remove curse
 v - a scroll of magic mapping
 y - 3 scrolls of identify
 z - 11 scrolls of teleportation
 A - a scroll of fear
 G - 2 scrolls of blinking
 M - a scroll of enchant weapon
Potions
 c - 12 potions of curing
 e - 4 potions of stabbing
 m - 2 potions of haste
 o - a potion of heal wounds
 p - a potion of brilliance
 q - 4 potions of flight
 t - a potion of berserk rage
 u - 2 potions of ambrosia
 x - a potion of resistance
 B - a potion of cancellation
 N - a potion of mutation
 P - a potion of lignification
 R - 4 potions of might
 U - a potion of magic
Miscellaneous
 n - a phantom mirror
 O - a phial of floods
Comestibles
 b - 44 rations


   Skills:
 + Level 5.4 Fighting
 * Level 4.6 Throwing
 + Level 6.4 Armour
 + Level 6.7 Dodging
 - Level 1.0 Stealth
 + Level 8.8 Shields
 + Level 18.2 Unarmed Combat
 * Level 6.8 Evocations


You had 13 spell levels left.
You didn't know any spells.
Your spell library contained the following spells:

 Spells                   Type           Power        Failure   Level  Hunger
 Animate Skeleton         Necr           N/A          50%         1    ##.....
 Apportation              Tloc           #.....       50%         1    ##.....
 Corona                   Hex            #......      50%         1    ##.....
 Summon Small Mammal      Summ           #...         50%         1    ##.....
 Confusing Touch          Hex            #.......     86%         3    ####...
 Gell's Gravitas          Tloc           #.........   86%         3    ####...
 Petrify                  Tmut/Erth      #.......     99%         4    #####..
 Metabolic Englaciation   Hex/Ice        #.........   100%        5    ######.
 Yara's Violent Unravell  Hex/Tmut       #.........   100%        5    ######.


Dungeon Overview and Level Annotations

Branches:
Dungeon (12/15)            Temple (0/1) D:4            Lair (6/6) D:10
 Shoals (0/4) Lair:4        Snake (0/4) Lair:4        Slime (0/5) Lair:6
    Orc (2/2) D:11            Elf (0/3) Orc:2       Volcano (visited)
Gauntlet (1/1)

Altars:
Elyvilon
Fedhas
Gozag
Hepliaklqana
Makhleb
Okawaru
Sif Muna
Trog
Uskayaw
Vehumet
Wu Jian
Xom
Yredelemnul
Zin
The Shining One
Jiyva

Shops:
D:8 *   D:10 (   Orc:1 *   Orc:2 ([*:

Annotations:
D:8 3 runed translucent doors
D:12 Gastronok
Orc:1 1 transporter, Kagalorn's ghost, journeyman OpIE Gauntlet 8 transporters, exclusion: obsidian statue


Innate Abilities, Weirdness & Mutations

You are too large for most types of armour.
You have claws for hands.
Your metabolism is lightning-fast.
You like to eat raw meat.
Your natural rate of healing is unusually fast.
You are covered in fur. (AC +1)
You have extremely tough skin. (AC +3)
Your life essence is reduced to manifest your ancestor. (-10% HP)


Message History

The minotaur is moderately wounded.
You block the minotaur's attack. The minotaur gores you!
You closely miss the minotaur.
The minotaur furiously retaliates!
The minotaur headbutts you.
The minotaur is moderately wounded.
You barely miss the minotaur.
The minotaur furiously retaliates!
The minotaur headbutts you!
The minotaur is moderately wounded.
You block the minotaur's attack. The minotaur gores you.
You mangle the minotaur!!
The minotaur is severely wounded.
You swap places.
The minotaur throws a silver javelin.
The silver javelin closely misses Ntombi.
The silver javelin pierces through you!!
* * * LOW HITPOINT WARNING * * *
The minotaur blocks Ntombi's attack.
You swap places.
The minotaur throws a silver javelin.
The silver javelin pierces through you!!
* * * LOW HITPOINT WARNING * * *
You die...

#########
#.......#
#.#####.# #.#
..#.# #.# #H#.#
#.# #@#.# #.#
#R#.# #.###.#.#
#...((#.#
#######.#
#.....# #.#####
#######.#######
#.............#


You could see the friendly Ntombi the hexer and a minotaur.

Vanquished Creatures
  The ghost of Biwkut the Fighter, a journeyman OgFE of Vehumet (Lair:4)
  An orc warlord (Orc:1)
  A red draconian (Volcano)
  An ettin (Orc:2)
  A death ooze (Lair:4)
  A great orb of eyes (Gauntlet)
  Erolcha (D:9)
  3 hydras
  A centaur warrior (Volcano)
  A two-headed ogre (D:11)
  3 orc high priests
  5 death yaks
  A fire crab (Gauntlet)
  2 lindwurms (Lair:6)
  Pikel (D:7)
  2 orc knights (Orc:2)
  4 orc sorcerers (Orc:2)
  3 ugly things
  2 merfolk sirens (Lair:4)
  2 oklob plants (Lair:3)
  8 black mambas
  2 centaur zombies
  2 gargoyles
  11 elephants
  28 spiny frogs
  A yaktaur (Volcano)
  9 komodo dragons
  2 tengu conjurers (D:11)
  A polar bear (shapeshifter) (D:12)
  2 trolls
  22 blink frogs
  6 hippogriffs
  4 slime creatures
  2 hornets
  2 tyrant leeches (Lair:6)
  A spriggan (D:8)
  Eustachio (D:4)
  2 wraiths (D:12)
  4 wyverns
  4 fire bats (Gauntlet)
  15 yaks
  3 hungry ghosts
  Grum (D:10)
  2 basilisks (Lair:1)
  5 vampire mosquitoes (Lair:6)
  2 wargs (Orc:1)
  Edmund (D:4)
  2 hell hounds (Gauntlet)
  4 porcupines
  13 water moccasins
  A phantom (D:9)
  3 slaves (D:7)
  A sky beast (D:9)
  A hornet zombie (D:11)
  An ice beast (D:9)
  21 orc warriors
  7 ogres
  2 wolves (D:10)
  11 centaurs
  9 crocodiles
  A big kobold (D:9)
  21 bullfrogs
  5 scorpions
  5 killer bees (D:10)
  A troll zombie (D:11)
  2 electric eels (Lair:6)
  7 wights
  A howler monkey (D:11)
  2 bullfrog zombies
  7 crimson imps
  2 quasits
  6 hounds
  8 jellies
  18 orc priests
  18 orc wizards
  An iguana (D:5)
  10 worker ants
  5 ogre zombies (D:11)
  A worker ant zombie (D:6)
  12 adders
  2 gnolls (D:3)
  2 shadow imps
  3 oozes
  An adder zombie (D:7)
  2 worms
  4 leopard geckos
  58 orcs
  11 bats
  3 giant cockroaches
  12 goblins
  10 hobgoblins
  8 jackals
  10 kobolds
  3 quokkas
  2 ball pythons
  7 frilled lizards
  3 goblin zombies (D:11)
  A hobgoblin skeleton (D:11)
  2 hobgoblin zombies (D:11)
  A leopard gecko zombie (D:5)
  11 orc zombies (D:11)
  A quokka zombie (D:10)
  13 rats
  2 plants (Lair:6)
561 creatures vanquished.

Vanquished Creatures (collateral kills)
  An unseen horror (D:12)
  2 orc knights
  2 elephants
  3 spiny frogs
  3 komodo dragons
  A rime drake (Lair:3)
  Grinder (D:4)
  5 blink frogs
  A tyrant leech (Lair:6)
  2 yaks (Lair:1)
  A vampire mosquito (Lair:6)
  3 water moccasins
  4 orc warriors
  A slave (D:7)
  A phantom (D:11)
  2 ogres (Orc:2)
  A centaur (D:9)
  5 crocodiles
  5 bullfrogs (Lair:6)
  A wyvern zombie (D:10)
  A scorpion (D:7)
  A killer bee (D:10)
  4 orc priests
  An orc wizard (Orc:2)
  An iguana (D:8)
  2 gnolls (D:3)
  2 adders
  A shadow imp (D:12)
  9 orcs
  A giant cockroach (D:3)
  2 hobgoblins (D:3)
  A ball python (D:3)
  2 frilled lizards
  A goblin zombie (D:11)
  2 kobolds
  A rat (D:3)
  A butterfly (D:7)
78 creatures vanquished.

Vanquished Creatures (others)
  2 orc wizards (D:11)
  12 hexers
  18 fungi
  27 plants
59 creatures vanquished.

Grand Total: 698 creatures vanquished

Notes
Turn   | Place    | Note
-------+----------+-------------------------------------------
     0 | D:1      | KleinerIrrer the Troll Monk began the quest for the Orb.
     0 | D:1      | Reached XP level 1. HP: 22/22 MP: 0/0
    77 | D:1      | Reached XP level 2. HP: 29/29 MP: 1/1
   240 | D:1      | Reached XP level 3. HP: 34/36 MP: 2/2
   643 | D:2      | Found an ornate altar of the Wu Jian Council.
   725 | D:2      | Found a hazy altar of Hepliaklqana.
   776 | D:2      | Became a worshipper of Hepliaklqana the Forgotten
   776 | D:2      | Reached * piety under Hepliaklqana
   776 | D:2      | Reached ** piety under Hepliaklqana
   777 | D:2      | Remembered your ancestor Ntombi as a hexer
   803 | D:2      | Reached skill level 4 in Unarmed Combat
   938 | D:2      | Reached XP level 4. HP: 40/40 MP: 3/3
  1479 | D:3      | Reached skill level 5 in Unarmed Combat
  1581 | D:3      | Reached XP level 5. HP: 46/47 MP: 4/4
  1925 | D:3      | Found a glowing golden altar of the Shining One.
  2266 | D:4      | Found a staircase to the Ecumenical Temple.
  2279 | D:4      | Noticed Grinder
  2280 | D:4      | Noticed an ogre
  2288 | D:4      | Reached skill level 6 in Unarmed Combat
  2288 | D:4      | Reached XP level 6. HP: 43/54 MP: 5/5
  2352 | D:4      | Killed Grinder
  2352 | D:4      | Reached skill level 7 in Unarmed Combat
  2352 | D:4      | Reached XP level 7. HP: 36/60 MP: 6/6
  2419 | D:4      | Noticed Eustachio
  2431 | D:4      | Killed Eustachio
  2431 | D:4      | Reached skill level 8 in Unarmed Combat
  2675 | D:4      | Noticed Edmund
  2678 | D:4      | Killed Edmund
  2678 | D:4      | Reached skill level 9 in Unarmed Combat
  2701 | D:4      | Reached XP level 8. HP: 70/70 MP: 7/7
  2796 | D:4      | Reached *** piety under Hepliaklqana
  3015 | D:5      | Entered Level 5 of the Dungeon
  3271 | D:5      | Found a white marble altar of Elyvilon.
  3471 | D:6      | Reached skill level 10 in Unarmed Combat
  3526 | D:6      | Found a radiant altar of Vehumet.
  3717 | D:6      | Found a glowing silver altar of Zin.
  4096 | D:7      | Reached **** piety under Hepliaklqana
  4202 | D:7      | Found a hide-covered altar of Uskayaw.
  4270 | D:7      | Found a shimmering altar of Xom.
  4295 | D:7      | Noticed Pikel
  4316 | D:7      | Killed Pikel
  4316 | D:7      | Reached skill level 11 in Unarmed Combat
  4316 | D:7      | Reached XP level 9. HP: 59/75 MP: 8/8
  4647 | D:7      | Found an iron altar of Okawaru.
  4724 | D:7      | Found a burning altar of Makhleb.
  5005 | D:8      | Found a runed translucent gate.
  5005 | D:8      | Found a runed translucent gate.
  5005 | D:8      | Found a runed translucent gate.
  5006 | D:8      | Noticed a white ugly thing
  5007 | D:8      | Noticed a green very ugly thing
  5007 | D:8      | Noticed a brown ugly thing
  5007 | D:8      | Noticed a white ugly thing
  5025 | D:8      | Found a shimmering blue altar of Sif Muna.
  5064 | D:8      | Reached skill level 12 in Unarmed Combat
  5221 | D:8      | Paralysed by a hornet for 2 turns
  5600 | D:8      | Found an opulent altar of Gozag.
  5612 | D:8      | Found Gozag's Platinum Reserve.
  5791 | D:8      | Found a blossoming altar of Fedhas.
  5924 | D:8      | Reached ***** piety under Hepliaklqana
  6024 | D:9      | Noticed a troll
  6027 | D:9      | Reached skill level 1 in Armour
  6118 | D:9      | Reached skill level 1 in Shields
  6131 | D:8      | Killed a troll
  6281 | D:9      | Reached XP level 10. HP: 75/83 MP: 9/9
  6309 | D:9      | Noticed Erolcha
  6320 | D:9      | Killed Erolcha
  6320 | D:9      | Reached skill level 13 in Unarmed Combat
  6589 | D:9      | Found a basalt altar of Yredelemnul.
  6826 | D:10     | Entered Level 10 of the Dungeon
  7166 | D:10     | Found a staircase to the Lair.
  7580 | D:10     | Noticed Grum
  7590 | D:10     | Killed Grum
  7842 | D:10     | Reached XP level 11. HP: 73/90 MP: 10/10
  7996 | D:10     | Found Icoq's Antique Weapon Emporium.
  8155 | Lair:1   | Entered Level 1 of the Lair of Beasts
  8205 | Lair:1   | Found a dark tunnel.
  8248 | Volcano  | Entered a volcano
  8271 | Volcano  | Noticed a centaur warrior
  8293 | Volcano  | Killed a centaur warrior
  8297 | Volcano  | Reached skill level 14 in Unarmed Combat
  8381 | Volcano  | Noticed a red draconian
  8398 | Volcano  | Killed a red draconian
  8580 | Lair:1   | Noticed an eight-headed hydra
  8589 | Lair:1   | Killed an eight-headed hydra
  8589 | Lair:1   | Reached skill level 5 in Shields
  8891 | D:11     | Reached skill level 1 in Evocations
  8947 | D:11     | Noticed a green ugly thing
  8958 | D:11     | Killed a green ugly thing
  8958 | D:11     | Reached skill level 5 in Armour
  8995 | D:11     | Found a staircase to the Orcish Mines.
  9404 | D:11     | Noticed a two-headed ogre
  9424 | D:11     | Killed a two-headed ogre
  9900 | Orc:1    | Entered Level 1 of the Orcish Mines
  9900 | Orc:1    | Found a transporter.
  9900 | Orc:1    | Found Qosaw's Assorted Antiques.
  9917 | Orc:1    | Bought a scroll of identify for 54 gold pieces
 10132 | Orc:2    | Entered Level 2 of the Orcish Mines
 10132 | Orc:2    | Noticed an ettin
 10158 | Orc:2    | Killed an ettin
 10158 | Orc:2    | Reached XP level 12. HP: 39/98 MP: 11/13
 10266 | Orc:2    | Reached skill level 15 in Unarmed Combat
 10318 | Orc:2    | Reached ****** piety under Hepliaklqana
 10458 | Orc:1    | Identified the +1 bardiche of Dissatisfaction {freeze,
                  | *Rage MR++ Dex+6}
 10461 | Orc:1    | Noticed Kagalorn's ghost (journeyman OpIE)
 10480 | Orc:1    | Identified the +4 dire flail of Gempiniy {vorpal, rN++}
 10480 | Orc:1    | Noticed an orc warlord
 10662 | Orc:1    | Found a transporter.
 10663 | Orc:1    | Found a bloodstained altar of Trog.
 10839 | Orc:2    | Found a staircase to the Elven Halls.
 11449 | Orc:2    | Reached skill level 5 in Dodging
 11754 | Orc:2    | Noticed an orc high priest
 11963 | Orc:1    | Killed an orc high priest
 12250 | Orc:2    | Noticed an orc warlord
 12304 | Orc:1    | Killed an orc warlord
 12717 | Orc:2    | Noticed an orc high priest
 12720 | Orc:2    | Killed an orc high priest
 12821 | Orc:2    | Noticed an orc high priest
 12829 | Orc:2    | Killed an orc high priest
 12843 | Orc:2    | Reached skill level 16 in Unarmed Combat
 13113 | Orc:2    | Found Pumoxe's General Store.
 13114 | Orc:2    | Found Tacly's Book Shoppe.
 13115 | Orc:2    | Found Nienuesu's Antique Armour Emporium.
 13115 | Orc:2    | Found Cyqos's Antique Weapon Emporium.
 13131 | Orc:2    | Bought a scroll of identify for 30 gold pieces
 13131 | Orc:2    | Bought a scroll of blinking for 112 gold pieces
 13131 | Orc:2    | Bought a scroll of identify for 30 gold pieces
 13311 | Lair:1   | Reached skill level 1 in Throwing
 13556 | Lair:1   | Noticed a six-headed hydra
 13565 | Lair:1   | Killed a six-headed hydra
 13565 | Lair:1   | Reached XP level 13. HP: 53/105 MP: 15/15
 13800 | Lair:1   | You fall into a shaft and drop 1 floor!
 14030 | Lair:2   | Reached skill level 5 in Fighting
 14235 | Lair:2   | Found the +7 captain's cutlass {speed, disarm}
 14280 | Lair:2   | You fall into a shaft and drop 1 floor!
 14343 | Lair:3   | Reached skill level 5 in Evocations
 15864 | Lair:4   | Found a runed translucent gate.
 15865 | Lair:4   | Found a runed translucent gate.
 15866 | Lair:4   | Found a runed translucent gate.
 15913 | Lair:4   | Found a staircase to the Snake Pit.
 16067 | Lair:4   | Noticed Biwkut's ghost (journeyman OgFE)
 16069 | Lair:4   | Noticed a death ooze
 16092 | Lair:4   | Found a viscous altar of Jiyva.
 16110 | Lair:4   | Killed a death ooze
 16249 | Lair:4   | Killed Biwkut's ghost
 16249 | Lair:4   | Reached skill level 17 in Unarmed Combat
 16267 | Lair:4   | Got a heavily runed hat
 16278 | Lair:4   | Identified the +0 hat of Intercession {rElec rF++ Int+2}
                  | (You found it on level 4 of the Lair of Beasts)
 16873 | Lair:4   | Found a staircase to the Shoals.
 17083 | Lair:5   | Reached XP level 14. HP: 73/114 MP: 17/17
 17763 | Lair:6   | Entered Level 6 of the Lair of Beasts
 17763 | Lair:6   | Found an iron altar of Okawaru.
 18608 | Lair:6   | Reached skill level 18 in Unarmed Combat
 19727 | Lair:6   | Found a staircase to the Slime Pits.
 20087 | D:12     | Noticed Gastronok
 20286 | D:12     | Found a gate leading to a gauntlet.
 20298 | Gauntlet | Entered a Gauntlet
 20298 | Gauntlet | Found a transporter.
 20313 | Gauntlet | Found a transporter.
 20315 | Gauntlet | Found a transporter.
 20315 | Gauntlet | Found a transporter.
 20318 | Gauntlet | Found a transporter.
 20328 | Gauntlet | Found a transporter.
 20330 | Gauntlet | Found a transporter.
 20337 | Gauntlet | Found a transporter.
 20364 | Gauntlet | Found a transporter.
 20381 | Gauntlet | Found a transporter.
 20385 | Gauntlet | Found a transporter.
 20393 | Gauntlet | Found a transporter.
 20651 | Gauntlet | HP: 4/114 [minotaur/silver javelin (30)]
 20651 | Gauntlet | Hit by a silver javelin thrown by a minotaur

Illustrated notes

Levels and vault maps discovered:
D:1:      scummos_arrival_simple_crosswalls, layout_rooms
D:2:      layout_basic, lemuel_doored_altar, marbit_many_paths
D:3:      minmay_razor_zed, layout_rooms, nicolae_tso_carved_into_rock
D:4:      layout_loops_cross, minmay_temple_entry_statues_fountains,
          first_ration, uniq_edmund, uniq_grinder, uniq_eustachio
D:5:      layout_rooms, elyvilon_altar_5
D:6:      layout_loops_ring, old_standard_altar, minmay_misc_feat_rugged,
          vehumet_altar_wand_db
D:7:      layout_cave_pods, makhleb_heckhound_becter, xom_butterflies,
          lemuel_crystal_altar, old_standard_altar, uniq_pikel
D:8:      layout_cave_pods, nicolae_overflow_crystal_walls,
          ploomutoo_gammafunk_ghost_potion_laboratory, basic_altar, the_bakery,
          chequers_serial_rivers_micro_c, nicolae_gozag_zags_fifth_avenue
D:9:      layout_rooms, kennysheep_mini, uniq_erolcha
D:10:     layout_grid_maze, david_lair_shrubbed, serial_shops,
          nicolae_shop_stone, uniq_grum
D:11:     layout_roguey, zombieorc1_lemuel
D:12:     layout_big_octagon, gauntlet_entry_generic,
          kennysheep_generic_room_12, uniq_josephine, uniq_gastronok
Lair:1:   layout_chaotic_city, enter_volcano_4
Lair:2:   layout_chaotic_city, bh_autumn_forest_stairs, beast_lair_carwin_11
Lair:3:   layout_misc_corridors, serial_bayou_shore_b, minmay_lair_oklob_chamber
Lair:4:   layout_misc_corridors, elwin_shoals_entry_rooms,
          minmay_snake_entry_six_corridors, gammafunk_ghost_ooze
Lair:5:   layout_concentric_octagons, grunt_megastairs_3
Lair:6:   minmay_lair_end_frog_pond, layout_regular_city,
          minmay_slime_entry_pillars, basic_altar
Orc:1:    layout_caves, serial_shops, shop_statue,
          gammafunk_ghost_wrathful_warriors, nicolae_orc_bridge_out
Orc:2:    st_orc_congregation, layout_caves
Gauntlet: minmay_gauntlet_mixed_oops_all_seconds
          [minmay_gauntlet_arena_77_two_lines, nicolae_gauntlet_arena_t_cross,
          minmay_gauntlet_arena_77_box, nicolae_gauntlet_arena_x,
          minmay_gauntlet_arena_77_p_blocks, gammafunk_gauntlet_arena_teeth,
          gauntlet_exit_spiral]

Skill      XL: |  1  2  3  4  5  6  7  8  9 10 11 12 13 14 |
---------------+-------------------------------------------+-----
Fighting       | 3 4 5 |  5.4
Unarmed Combat | 4 5 6 7 9 11 12 13 14 16 17 18 | 18.2
Armour         | 2 4 5 6 |  6.4
Shields        | 1 4 5 6 7 8 |  8.8
Dodging        | 3 4 5 6 |  6.7
Evocations     | 2 4 5 6 |  6.8
Throwing       | 1 4 |  4.6
Stealth        | |  1.0

Action                   |  1- 3 |  4- 6 |  7- 9 | 10-12 | 13-15 || total
-------------------------+-------+-------+-------+-------+-------++-------
Melee: Unarmed           |    98 |   155 |   234 |   626 |   857 ||  1970
       Punch             |     2 |     4 |     2 |       |       ||     8
Throw: Large rock        |       |       |       |    16 |       ||    16
Invok: Ancestor Life: He |     1 |       |       |       |       ||     1
       Recall Ancestor   |       |       |       |     6 |    10 ||    16
Evoke: Wand              |       |       |       |    14 |     8 ||    22
  Use: Scroll            |       |     9 |     4 |    10 |     7 ||    30
       Potion            |       |       |       |     2 |     2 ||     4
 Stab: Sleeping          |     1 |     2 |       |       |     3 ||     6
       Distracted        |       |       |     2 |     5 |    12 ||    19
       Confused          |       |       |     1 |    13 |     6 ||    20
  Eat: Chunk             |    14 |    13 |    36 |    71 |    66 ||   200
Armor: Robe              |    56 |    43 |    46 |       |       ||   145
       Acid dragon scale |       |       |    38 |   120 |   161 ||   319
Dodge: Dodged            |    69 |    87 |   101 |   173 |   228 ||   658
       Repelled          |       |       |       |    22 |     4 ||    26
Block: Kite shield       |       |       |    30 |   248 |   564 ||   842
       Reflection        |       |       |       |       |    11 ||    11
